 Dungeon Crawl Stone Soup version 0.23-a0-396-g5214e5f (webtiles) character file.

885 galech the Chopper (level 7, 0/55 HPs)
             Began as a Demonspawn Fighter on Nov 2, 2018.
             Was an Initiate of Okawaru.
             Succumbed to an adder's poison
             ... on level 5 of the Dungeon.
             The game lasted 00:06:05 (4105 turns).

galech the Chopper (Demonspawn Fighter)             Turns: 4105, Time: 00:06:06

Health: 0/55       AC: 14    Str: 16    XL:     7   Next: 76%
Magic:  2/7        EV:  3    Int:  9    God:    Okawaru [......]
Gold:   344        SH:  9    Dex: 15    Spells: 6/6 levels left

rFire    . . .     SeeInvis .   a - +0 war axe
rCold    + . .     Gourm    .   c - +0 shield
rNeg     . . .     Faith    .   w - +0 plate armour
rPois    .         Spirit   +   (helmet restricted)
rElec    .         Reflect  .   (no cloak)
rCorr    .         Harm     .   (no gloves)
MR       .....                  (no boots)
Stlth    ..........             g - amulet of guardian spirit
HPRegen  0.18/turn              (no ring)
MPRegen  0.10/turn              (no ring)

@: lethally poisoned (0 -> -1), invisible
A: antennae 1, thin metallic scales 1, cold resistance 1, freezing cloud
immunity
a: Renounce Religion


You were on level 5 of the Dungeon.
You worshipped Okawaru.
Okawaru was noncommittal.
You were hungry.

You visited 2 branches of the dungeon, and saw 6 of its levels.

You collected 344 gold pieces.

Inventory:

Hand Weapons
 a - a +0 war axe (weapon)
 q - a +1 falchion of flaming
Armour
 c - a +0 shield (worn)
 w - a +0 plate armour (worn)
Jewellery
 g - an amulet of guardian spirit (around neck)
Wands
 l - a wand of polymorph (5)
Scrolls
 b - a scroll of magic mapping {unknown}
 e - 3 scrolls of teleportation {unknown}
 i - 3 scrolls of amnesia
 j - 2 scrolls of remove curse
 k - 4 scrolls of identify {unknown}
 n - 2 scrolls of fear {unknown}
 p - a scroll of enchant armour {unknown}
 r - a scroll of immolation {unknown}
 t - 2 scrolls of fog {unknown}
Potions
 d - a potion of might
 m - 3 potions of degeneration
 o - a potion of resistance
 s - a potion of lignification {unknown}
 u - a potion of berserk rage {unknown}
Comestibles
 f - 10 rations
 v - a chunk of flesh


   Skills:
 + Level 4.5 Fighting
 + Level 5.4 Axes
 + Level 4.5 Armour
 + Level 1.5 Dodging
 + Level 4.2 Shields


You had 6 spell levels left.
You didn't know any spells.
Your spell library was empty.

Dungeon Overview and Level Annotations

Branches:
Dungeon (5/15)             Temple (1/1) D:4

Altars:
Dithmenos
Fedhas
Gozag
Hepliaklqana
Makhleb
Nemelex Xobeh
Okawaru
Qazlal
Uskayaw
Vehumet
Wu Jian
Xom
Zin

Annotations:
D:5 Dowan, Duvessa, Grinder


Innate Abilities, Weirdness & Mutations

You have a pair of small antennae on your head.
You are partially covered in thin metallic scales. (AC +2)
Your flesh is cold resistant. (rC+)
You are immune to freezing clouds.


Message History

* * * LOW HITPOINT WARNING * * *
You closely miss the ice beast. The ice beast hits you.
* * * LOW HITPOINT WARNING * * *
The ice beast freezes you. You resist.
* * * LOW HITPOINT WARNING * * *
You slash the ice beast!
The ice beast is moderately wounded.
You feel sick. You block the ice beast's attack. The ice beast hits you.
* * * LOW HITPOINT WARNING * * *
The ice beast freezes you. You resist.
* * * LOW HITPOINT WARNING * * *
You slash the ice beast!
The ice beast is heavily wounded.
The ice beast hits you but does no damage.
You hit the ice beast but do no damage.
The ice beast is heavily wounded.
The ice beast hits you but does no damage.
It was a potion of invisibility.
You fade into invisibility!
You die...

##########
#........#####
+.............
#...@)...#....
##+#Y.........
+(....#....
#..........
#....##....
#..........
#...#######
#...######
#........#


You could see an ice beast.

Vanquished Creatures
  An ogre (D:5)
  A howler monkey (D:4)
  A crimson imp (D:4)
  2 hounds (D:4)
  A jelly (D:4)
  2 orc priests (D:4)
  4 orc wizards
  Terence (D:2)
  An iguana (D:4)
  4 worker ants (D:4)
  Robin (D:2)
  7 gnolls
  12 adders
  An ooze (D:2)
  4 dart slugs
  6 leopard geckos
  10 orcs
  4 giant cockroaches
  15 goblins
  14 hobgoblins
  7 jackals
  4 quokkas
  5 bats
  8 frilled lizards
  8 kobolds
  A leopard gecko skeleton (D:4)
  9 rats
134 creatures vanquished.

Vanquished Creatures (others)
  5 toadstools (D:3)
5 creatures vanquished.

Grand Total: 139 creatures vanquished

Notes
Turn   | Place    | Note
-------+----------+-------------------------------------------
     0 | D:1      | galech the Demonspawn Fighter began the quest for the Orb.
     0 | D:1      | Reached XP level 1. HP: 18/18 MP: 1/1
    54 | D:1      | Gained mutation: You are partially covered in thin metallic
                  | scales. (AC +2) [demonic ancestry]
    54 | D:1      | Reached XP level 2. HP: 20/24 MP: 2/2
   298 | D:1      | Reached skill level 2 in Axes
   322 | D:1      | Gained mutation: You have a pair of small antennae on your
                  | head. [demonic ancestry]
   322 | D:1      | Reached XP level 3. HP: 24/29 MP: 3/3
   636 | D:2      | Noticed Robin
   658 | D:2      | Killed Robin
   677 | D:2      | Gained mutation: Your flesh is cold resistant. (rC+)
                  | [demonic ancestry]
   677 | D:2      | Reached XP level 4. HP: 14/35 MP: 4/4
   769 | D:2      | Found a shimmering altar of Xom.
   775 | D:2      | Found a shimmering altar of Xom.
   781 | D:2      | Found a shimmering altar of Xom.
   808 | D:2      | Noticed Terence
   833 | D:2      | Reached skill level 1 in Dodging
   839 | D:2      | Killed Terence
  1310 | D:2      | Reached skill level 3 in Axes
  1310 | D:2      | Gained mutation: You are immune to freezing clouds.
                  | [demonic ancestry]
  1310 | D:2      | Reached XP level 5. HP: 42/42 MP: 5/5
  1383 | D:2      | Found a shimmering altar of Xom.
  1384 | D:2      | Found a shimmering altar of Xom.
  1777 | D:3      | Found a blossoming altar of Fedhas.
  1880 | D:3      | Found a radiant altar of Vehumet.
  2208 | D:3      | Reached XP level 6. HP: 35/48 MP: 6/6
  2328 | D:3      | Reached skill level 4 in Axes
  2360 | D:3      | Found a hazy altar of Hepliaklqana.
  2537 | D:3      | Found an ornate altar of the Wu Jian Council.
  2632 | D:4      | HP: 2/48 [worker ant (2)]
  3189 | D:4      | Found an opulent altar of Gozag.
  3340 | D:4      | Reached XP level 7. HP: 34/54 MP: 4/7
  3744 | D:4      | Found a staircase to the Ecumenical Temple.
  3757 | Temple   | Entered the Ecumenical Temple
  3829 | Temple   | Became a worshipper of Warmaster Okawaru
  3988 | D:5      | Entered Level 5 of the Dungeon
  3988 | D:5      | Noticed Dowan
  3990 | D:5      | Noticed Duvessa
  3991 | D:5      | Noticed Grinder
  3998 | D:4      | Reached skill level 5 in Axes
  4102 | D:5      | HP: 1/55 [ice beast (5)]
  4105 | D:5      | Succumbed to an adder's poison

Vault maps used:
D:1:      dpeg_arrival_solitude
D:2:      xom_redecorated, uniq_robin, uniq_terence
D:3:      fiery_altar_vehumet, lemuel_crystal_altar, overflow_temple_1_default,
          marbit_many_paths, first_ration, minmay_gold_behind_fungi
D:4:      grunt_gozag_breadcrumbs, minmay_temple_entry_purple_smoke,
          hangedman_abyss_or_decor_stabs
D:5:      cheibrodos_worm_habitat, uniq_sigmund, uniq_grinder, uniq_duvessa
Temple:   minmay_temple_forest_path

Skill      XL: |  1  2  3  4  5  6  7 |
---------------+----------------------+-----
Armour         | 3 4 |  4.5
Axes           | 2 3 4 5 |  5.4
Shields        | 3 4 |  4.2
Dodging        | 1 |  1.5
Fighting       | 4 |  4.5

Action                   |  1- 3 |  4- 6 |  7- 9 || total
-------------------------+-------+-------+-------++-------
Melee: War axe           |   123 |   302 |    82 ||   507
  Use: Potion            |     1 |     4 |     1 ||     6
       Scroll            |       |     2 |       ||     2
  Eat: Chunk             |       |     9 |     2 ||    11
Armor: Scale mail        |    62 |   105 |       ||   167
       Chain mail        |       |   117 |    14 ||   131
       Plate armour      |       |       |    41 ||    41
Dodge: Dodged            |    28 |    97 |    20 ||   145
Block: Shield            |    60 |   192 |    46 ||   298

Table legend:
 A = Non-vault XP
 B = Vault XP
 C = Vault XP percentage of total XP
 D = Non-vault monster count
 E = Vault monster count
 F = Vault count percentage of total count
                 A         B        C        D         E       F
            +---------+---------+-------+---------+---------+-------
      Total |    1192 |      73 |   5.8 |     119 |      15 |  11.2
            +---------+---------+-------+---------+---------+-------
        D:1 |      51 |       0 |   0.0 |      28 |       0 |   0.0
        D:2 |     138 |      72 |  34.3 |      27 |      14 |  34.1
        D:3 |     143 |       1 |   0.7 |      24 |       1 |   4.0
        D:4 |     725 |       0 |   0.0 |      38 |       0 |   0.0
        D:5 |     135 |       0 |   0.0 |       2 |       0 |   0.0
            +---------+---------+-------+---------+---------+-------
